 Dungeon Crawl Stone Soup version 0.31-a0-743-g45f7035092 (webtiles) character file.

Game seed: 14896189666393780257

46 Bravepunisher the Ducker (level 3, 0/19 HPs)
             Began as a Spriggan Monk on Sept 13, 2023.
             Splashed by a jelly's acid (5 damage)
             ... on level 6 of the Dungeon.
             The game lasted 00:02:21 (743 turns).

Bravepunisher the Ducker (Spriggan Monk)             Turns: 743, Time: 00:02:22

Health: 0/19       AC: -2    Str:  7    XL:     3   Next: 46%
Magic:  4/4        EV: 20    Int: 11    God:
Gold:   19         SH:  0    Dex: 19    Spells: 2/2 levels left

rFire   . . .        a - +0 short sword
rCold   . . .        d - orb {light}
rNeg    . . .        b - +0 robe
rPois   .            (helmet restricted)
rElec   .            (no cloak)
rCorr   .            (gloves unavailable)
SInv    +            (boots unavailable)
Will    .....        (no amulet)
Stlth   +            (no ring)
HPRegen 0.23/turn    (no ring)
MPRegen 0.09/turn

%: no passive effects
@: corroded, glowing, very quick
A: very small, no large weapons, unfitting armour, see invisible, speed 3
a: no special abilities


You were on level 6 of the Dungeon.
You visited 1 branch of the dungeon, and saw 6 of its levels.

You collected 19 gold pieces.

Inventory:

Hand Weapons
 a - a +0 short sword (weapon)
Armour
 b - a +0 robe (worn)
 d - an orb of light (worn)
Scrolls
 f - a scroll of silence {unknown}
 h - a scroll of identify {unknown}
Potions
 c - a potion of ambrosia
 e - a potion of brilliance {unknown}
 g - a potion of curing {unknown}


   Skills:
 + Level 2.9 Fighting
 - Level 3.2 Short Blades
 * Level 5.4 Dodging


You had 2 spell levels left.
You didn't know any spells.
Your spell library was empty.

Dungeon Overview and Level Annotations

Branches:
Dungeon (6/15)
 Temple: D:4-7

Altars:
Ashenzari


Innate Abilities, Weirdness & Mutations

You are very small and have problems with some larger weapons.
You are too small for most types of armour.
You have supernaturally acute eyesight. (SInv)
You cover ground extremely quickly. (Speed+++)


Message History

There is an escape hatch in the floor here.
h - a scroll labelled GACLEUK TUSEU A bullfrog comes into view.
The bullfrog gives a loud, deep croak!
The bullfrog attacks as it pursues you! The bullfrog misses you.
The bullfrog attacks as it pursues you! The bullfrog closely misses you.
Found 11 gold pieces.
Found 22 gold pieces.
Found 7 stones.
You see here 11 gold pieces.
A scorpion comes into view.
Found 17 gold pieces.
You see here 22 gold pieces.
You see here 11 gold pieces.
The bullfrog completely misses you. The bullfrog attacks as it pursues you!
The bullfrog hits you!
Found 2 darts of dispersal.
You see here 7 stones.
A hound comes into view.
The hound barks!
The hound attacks as it pursues you! The hound barely misses you.
The hound attacks as it pursues you! The hound completely misses you.
A scorpion comes into view.
The hound attacks as it pursues you! The hound misses you.
Found a clear potion.
You see here a clear potion.
A jelly comes into view.
The jelly quivers.
The jelly closely misses you.
You hit the jelly.
Your hands burn!
The jelly is moderately wounded.
You hit the jelly but do no damage. The acid corrodes you!
Your hands burn!
The jelly is moderately wounded.
The jelly closely misses you.
You hit the jelly.
Your hands burn!
* * * LOW HITPOINT WARNING * * *
The jelly is heavily wounded.
The jelly completely misses you.
You hit the jelly.
Your hands burn!
You die...

#. . .### ... #..
#.# #J# ## #@#
.###. #.# ###.#.#.
#.# ...... #s#
..... #h# #..# #F#
.####..#########.#
........!.Fhs....#
.......###########


You could see a bullfrog, a scorpion, a hound and a jelly.

Vanquished Creatures
  An orc wizard (D:4)
  A dart slug (D:4)
  4 orcs
  An endoplasm (D:4)
  A goblin (D:4)
  A hobgoblin (D:2)
  2 jackals (D:4)
  A kobold (D:4)
  A quokka (D:4)
13 creatures vanquished.

Notes
Turn   | Place    | Note
-------+----------+-------------------------------------------
     0 | D:1      | Bravepunisher the Spriggan Monk began the quest for the
                  | Orb.
     0 | D:1      | Reached XP level 1. HP: 11/11 MP: 2/2
   121 | D:4      | Noticed a sky beast
   126 | D:4      | Noticed an ogre
   136 | D:5      | Entered Level 5 of the Dungeon
   228 | D:4      | Reached XP level 2. HP: 11/16 MP: 3/3
   299 | D:4      | Reached skill level 5 in Dodging
   299 | D:4      | Reached XP level 3. HP: 5/19 MP: 4/4
   485 | D:4      | Found a broken altar of Ashenzari.
   684 | D:6      | Noticed a bullfrog
   705 | D:6      | Noticed a scorpion
   720 | D:6      | Noticed a scorpion
   743 | D:6      | Splashed by a jelly's acid

Illustrated notes

Levels and vault maps discovered:
D:1:      dpeg_arrival_fog, layout_loops_ring
D:2:      layout_loops_cross
D:3:      kennysheep_goblin_castle, layout_loops_ring,
          minmay_misc_feat_nine_boxes
D:4:      layout_basic, nicolae_ashenzari_skybound
D:5:      layout_gridville, mainiacjoe_overflow_alcove_1, temple_green
D:6:      layout_loops_ring, uniq_edmund

Skill      XL: |  1  2 |
---------------+-------+-----
Dodging        | 5 |  5.4
Fighting       | |  2.9
Short Blades   | |  3.2

Action                     || total
---------------------------++-------
  Melee: Short sword       ||    72
 Armour: Robe              ||    22
  Dodge: Dodged            ||    48

Table legend: (Time is in decaauts)
 A = Elapsed time spent in this place.
 B = Non-inter-level travel time spent in this place.
 C = Inter-level travel time spent in this place.
 D = Time resting spent in this place.
 E = Time spent auto-exploring this place.
 F = Levels seen in this place.
 G = Mean time per level.
                   A        B        C        D        E       F      G
               +--------+--------+--------+--------+--------+-----+--------+
         Total |    528 |    528 |      0 |     37 |    290 |   6 |   88.0 |
       Dungeon |    528 |    528 |      0 |     37 |    290 |   6 |   88.0 |
               +--------+--------+--------+--------+--------+-----+--------+

Top non-repeatable levels by time:
     D:4: 397 daAuts
     D:3: 48 daAuts
     D:6: 40 daAuts
     D:2: 23 daAuts
     D:5: 15 daAuts
     D:1: 3 daAuts
